 Dungeon Crawl Stone Soup version bcrawl-1.32 (webtiles) character file.

Game seed: 17610723515643065930

199807 GenialerGandalf the Shield-Bearer (level 5, -2/47 HPs)
             Began as a Minotaur Fighter on July 12, 2021.
             Slain by a gnoll
             ... wielding a +0 halberd
              (9 damage)
             ... on level 3 of the Dungeon.
             The game lasted 00:09:14 (2252 turns).

GenialerGandalf the Shield-Bearer (MiFi)            Turns: 2252, Time: 00:09:15

Health: -2/47      AC: 13    Str: 26    XL:     5   Next: 97%
Magic:  4/4        EV:  8    Int:  5    God:
Gold:   239        SH: 10    Dex: 10    Spells: 4/4 levels left

rFire    . . .     SeeInvis .   a - +0 rapier
rCold    . . .     Gourm    .   c - +0 medium shield
rNeg     . . .     Faith    .   h - +0 plate armour
rPois    .         Spirit   .   (helmet restricted)
rElec    .         Reflect  .   (no cloak)
rCorr    .         Harm     .   (no gloves)
MR       .....                  g - +0 pair of boots
Stlth    ..........             (no amulet)
HPRegen  0.15/turn              j - +4 ring of evasion
MPRegen  0.09/turn              (no ring)

@: mighty, starving
A: retaliatory headbutt, horns 2
a: no special abilities


You were on level 3 of the Dungeon.
You were starving.

You visited 1 branch of the dungeon, and saw 3 of its levels.

You collected 239 gold pieces.

Inventory:

Hand Weapons
 a - a +0 rapier (weapon)
Missiles
 p - 64 stones (quivered)
Armour
 b - a +0 scale mail
 c - a +0 medium shield (worn)
 g - a +0 pair of boots (worn)
 h - a +0 plate armour (worn)
 r - a +0 chain mail
Jewellery
 j - a +4 ring of evasion (left hand)
Scrolls
 d - 4 scrolls of blinking {unknown}
 i - 3 scrolls of identify
 k - a scroll of enchant armour {unknown}
 l - a scroll of teleportation {unknown}
 m - 2 scrolls of remove curse {unknown}
 n - a scroll of enchant weapon {unknown}
 q - a scroll of noise {unknown}
Potions
 f - 2 potions of resistance {unknown}
 o - 4 potions of curing {unknown}
Comestibles
 e - 4 rations {!d}


   Skills:
 + Level 4.7 Fighting
 + Level 3.7 Short Blades
 + Level 4.8 Armour
 + Level 0.9 Dodging
 + Level 5.6 Shields


You had 4 spell levels left.
You didn't know any spells.
Your spell library was empty.

Dungeon Overview and Level Annotations

Branches:
Dungeon (3/12)

Altars:
Zin


Innate Abilities, Weirdness & Mutations

You reflexively headbutt those who attack you in melee.
You have a pair of horns on your head.


Message History

The gnoll hits you but does no damage. The orc hits you but does no damage.
The hobgoblin hits you but does no damage.
Your shield and plate armour prevent you from hitting the gnoll.
The gnoll is almost dead.
You block the gnoll's attack. x2; The hobgoblin hits you.
* * * LOW HITPOINT WARNING * * *
The orc barely misses you.
You feel very mighty all of a sudden. You block the gnoll's attack.
The gnoll barely misses you.
The hobgoblin hits you but does no damage.
You are starving!
You puncture the gnoll!
You kill the gnoll!
The orc hits you but does no damage. You block the gnoll's attack.
You block the hobgoblin's attack.
You barely miss the hobgoblin. Your headbutt misses the hobgoblin.
The orc hits you but does no damage.
The hobgoblin hits you but does no damage.
The gnoll hits you from afar with a +0 halberd!
You die...

#.#####.###..
#.....#.#...#.....# #
#.....#.#...#..#... #.
#.....#.'..........
#..#.....###...#.)#..#
##.#....####...#.....#
...'....+.>#####......
#.#.)o.##.#####.†.#.#
#...@g...............
#..###g##.######....#
#. #.##.# ...... #
..##.# #.#### #####.#
... #.# ### #.# ...


You could see a gnoll, an orc and a hobgoblin.

Vanquished Creatures
  A crimson imp (D:2)
  2 jellies (D:2)
  Robin (D:3)
  An adder (D:2)
  3 gnolls
  7 oozes (D:2)
  2 worms (D:2)
  A dart slug (D:1)
  3 leopard geckos
  2 orcs (D:3)
  4 ball pythons
  4 bats
  3 giant cockroaches
  14 goblins
  8 hobgoblins
  12 kobolds
  2 quokkas (D:2)
  6 frilled lizards
  7 rats
  A fungus (D:2)
  8 plants (D:1)
92 creatures vanquished.

Vanquished Creatures (others)
  9 toadstools (D:2)
9 creatures vanquished.

Grand Total: 101 creatures vanquished

Notes
Turn   | Place    | Note
-------+----------+-------------------------------------------
     0 | D:1      | GenialerGandalf the Minotaur Fighter began the quest for
                  | the Orb.
     0 | D:1      | Reached XP level 1. HP: 19/19 MP: 0/0
   379 | D:2      | Paralysed by fainting for 10 turns
   413 | D:2      | Reached XP level 2. HP: 18/27 MP: 1/1
   415 | D:2      | Paralysed by fainting for 7 turns
   537 | D:1      | Reached skill level 4 in Shields
  1092 | D:2      | Reached XP level 3. HP: 33/33 MP: 2/2
  1100 | D:2      | Reached XP level 4. HP: 9/41 MP: 3/3
  1372 | D:2      | Reached skill level 5 in Shields
  1372 | D:2      | Reached XP level 5. HP: 44/47 MP: 4/4
  1746 | D:2      | Found a glowing silver altar of Zin.
  2124 | D:3      | Noticed Robin
  2151 | D:3      | Killed Robin
  2252 | D:3      | Slain by a gnoll

Skill      XL: |  1  2  3  4 |
---------------+-------------+-----
Armour         | 4 |  4.8
Shields        | 4 5 |  5.6
Fighting       | 4 |  4.7
Short Blades   | 3 |  3.7
Dodging        | |  0.9

Action                   |  1- 3 |  4- 6 || total
-------------------------+-------+-------++-------
Melee: Rapier            |   192 |   157 ||   349
       Headbutt          |    57 |    24 ||    81
  Use: Potion            |       |     2 ||     2
  Eat: Chunk             |     2 |     3 ||     5
       Ration            |     1 |     1 ||     2
Armor: Scale mail        |    56 |       ||    56
       Plate armour      |     5 |   132 ||   137
       Skin              |     1 |       ||     1
Dodge: Dodged            |    17 |    48 ||    65
Block: Medium shield     |    48 |   127 ||   175
